 Dungeon Crawl Stone Soup version 0.31-a0-441-g867994ef1c (webtiles) character file.

Game seed: 11450915965055232449

49 Gelion the Changeling (level 3, -4/24 HPs)
             Began as an Octopode Shapeshifter on Aug 2, 2023.
             Slain by Grinder (7 damage)
             ... while paralysed by Grinder
             ... on level 3 of the Dungeon.
             The game lasted 00:02:15 (1576 turns).

Gelion the Changeling (Octopode Shapeshifter)       Turns: 1576, Time: 00:02:16

Health: -4/24      AC:  1    Str: 14    XL:     3   Next: 77%
Magic:  3/3        EV:  2    Int: 10    God:
Gold:   144        SH:  0    Dex: 14    Spells: 2/2 levels left

rFire   . .          .
                       - Unarmed
rCold   . . .        (no shield)
rNeg    . . .        (helmet currently unavailable)
rPois   .            (no amulet)
rElec   .            (no ring)
rCorr   .            (no ring)
SInv    .            (no ring)
Will    .....        (no ring)
Stlth   ++           (no ring)
HPRegen 0.24/turn    (no ring)
MPRegen 0.08/turn    (no ring)
                     (no ring)

%: no passive effects
@: paralysed, beast-form
A: beast (slay +2), almost no armour, amphibious, 8 rings, camouflage 1,
gelatinous body 1, (nimble swimmer 1), tentacles
a: Begin Untransformation


You were on level 3 of the Dungeon.
You were a hulking beast.
You visited 1 branch of the dungeon, and saw 3 of its levels.

You collected 144 gold pieces.

Inventory:

Jewellery
 f - a ring of protection from cold
 l - a ring of willpower
Talismans
 b - a beast talisman (active)
 c - a maw talisman
Scrolls
 g - a scroll of blinking
 h - a scroll of amnesia {unknown}
Potions
 a - 2 potions of lignification
 d - a potion of attraction
 e - 2 potions of haste
 i - a potion of curing {unknown}
 k - a potion of heal wounds {unknown}


   Skills:
 + Level 1.8 Fighting
 - Level 2.0 Dodging
 + Level 3.4 Unarmed Combat
 * Level 3.6 Shapeshifting


You had 2 spell levels left.
You didn't know any spells.
Your spell library contained the following spells:

 Spells                   Type           Power      Damage    Failure   Level
 Foxfire                  Conj/Fire      0%         2x1d4     36%         1
 Slow                     Hex            0%         N/A       36%         1
 Confusing Touch          Hex            0%         N/A       75%         3
 Vampiric Draining        Necr           0%         2d6       75%         3
 Plasma Beam              Fire/Air       0%         2x1d10    100%        6
 Starburst                Conj/Fire      0%         6d3       100%        6


Dungeon Overview and Level Annotations

Branches:
Dungeon (3/15)

Altars:

Annotations:
D:3 Grinder


Innate Abilities, Weirdness & Mutations

You are a hulking beast.
Your limbs bulge with bestial killing power. (Slay +2)
You cannot wear most types of armour.
You are amphibious.
You can wear up to eight rings at the same time.
Your skin changes colour to match your surroundings (Stealth+).
Your rubbery body absorbs attacks. (AC +1, EV +1)
((You are camouflaged when in or above water. (Stealth+)))
You have tentacles for arms and can constrict up to eight enemies at once.


Message History

There is a stone staircase leading down here.
You climb downwards.
Found a runed quarterstaff.
There is a stone staircase leading up here.
You see here a +1 quarterstaff of draining.
h - a scroll labelled LIFIMIMYORPH A ball python comes into view.
A ball python is nearby!
The ball python closely misses you. x2
You bludgeon the ball python!
You kill the ball python!
No target in view!
No target in view!
You see here a ball python corpse.
Grinder comes into view.
Grinder is nearby!
Grinder is nearby!
Found 4 stones.
Grinder shouts!
Grinder gestures at you. Pain shoots through your body!
Found a dagger.
You tentacle-slap Grinder. You grab Grinder.
Grinder is lightly wounded.
You constrict Grinder, but do no damage.
You tentacle-slap Grinder but do no damage.
Grinder is lightly wounded.
You constrict Grinder.
Grinder blinks free!
Grinder blinks!
Grinder barely misses you.
You completely miss Grinder. You grab Grinder.
Grinder is lightly wounded.
You constrict Grinder, but do no damage.
Grinder gestures at you.
You suddenly lose the ability to move!
You lose your grip on Grinder.
Grinder hits you.
You writhe in agony.
Grinder hits you.
* * * LOW HITPOINT WARNING * * *
Grinder hits you!
You die...

#.# #.#
#.#
####.#
..#.#
##.#.#
###.)#.#
#......#
#.#(h#.#
#.5..#
#..###
...#
##..#
#..#
#..#
#..#


You could see Grinder.

Vanquished Creatures
  An adder (D:2)
  2 dart slugs (D:1)
  4 bats
  4 endoplasms
  4 giant cockroaches
  6 goblins
  3 hobgoblins
  3 ball pythons
  A kobold (D:2)
  5 rats
33 creatures vanquished.

Notes
Turn   | Place    | Note
-------+----------+-------------------------------------------
     0 | D:1      | Gelion the Octopode Shapeshifter began the quest for the
                  | Orb.
     0 | D:1      | Reached XP level 1. HP: 13/13 MP: 1/1
   213 | D:1      | Found a faded altar of an unknown god.
   275 | D:1      | Reached XP level 2. HP: 18/18 MP: 2/2
   731 | D:2      | Reached XP level 3. HP: 21/23 MP: 3/3
  1565 | D:3      | Noticed Grinder
  1573 | D:3      | Paralysed by Grinder for 4 turns
  1576 | D:3      | Slain by Grinder

Illustrated notes

Levels and vault maps discovered:
D:1:      dpeg_arrival_rhombus, layout_loops_ring,
          dreamdust_ecumenical_altar_grove
D:2:      layout_loops_ring
D:3:      layout_basic, kennysheep_generic_room_5, uniq_grinder, uniq_robin

Action                     || total
---------------------------++-------
  Melee: Unarmed           ||    62
         Tentacles         ||    12
         Constrict         ||    17
         Punch             ||     1
    Use: Scroll            ||     5
   Stab: Sleeping          ||     9
 Armour: Skin              ||     5
  Dodge: Dodged            ||    31

Table legend: (Time is in decaauts)
 A = Elapsed time spent in this place.
 B = Non-inter-level travel time spent in this place.
 C = Inter-level travel time spent in this place.
 D = Time resting spent in this place.
 E = Time spent auto-exploring this place.
 F = Levels seen in this place.
 G = Mean time per level.
                   A        B        C        D        E       F      G
               +--------+--------+--------+--------+--------+-----+--------+
         Total |   1571 |   1499 |     72 |      4 |   1277 |   3 |  523.7 |
       Dungeon |   1571 |   1499 |     72 |      4 |   1277 |   3 |  523.7 |
               +--------+--------+--------+--------+--------+-----+--------+

Top non-repeatable levels by time:
     D:2: 795 daAuts
     D:1: 666 daAuts
     D:3: 108 daAuts
